 Dungeon Crawl Stone Soup version 0.31-a0-152-g6aa68a64a1 (webtiles) character file.

Game seed: 15672806801973661418

371 qw the Shooter (level 6, -3/38 HPs)
             Began as a Gargoyle Hunter on June 10, 2023.
             Slain by an ogre
             ... wielding a +0 giant club
              (21 damage)
             ... on level 4 of the Dungeon.
             The game lasted 00:01:18 (2570 turns).

qw the Shooter (Gargoyle Hunter)                    Turns: 2570, Time: 00:01:19

Health: -3/38      AC: 10    Str: 13 (14) XL:     6   Next: 70%
Magic:  6/6        EV: 12    Int:  9 (10) God:
Gold:   92         SH:  0    Dex: 11 (13) Spells: 5/5 levels left

rFire   . . .        Y - +0 shortbow
rCold   . . .        (shield currently unavailable)
rNeg    + . .        m - +2 robe {Will+}
rPois   inf          (no helmet)
rElec   +            (no cloak)
rCorr   .            (no gloves)
SInv    +            (no boots)
Will    +....        (no amulet)
Stlth   +            l - ring of see invisible
HPRegen 0.26/turn    (no ring)
MPRegen 0.10/turn

%: no passive effects
@: no status effects
A: sickness immunity, AC +4, negative energy resistance 1, electricity
resistance, torment resistance 1, petrification resistance, iridescent scales 1,
clumsy 1
a: no special abilities


You were on level 4 of the Dungeon.
You visited 1 branch of the dungeon, and saw 4 of its levels.

You collected 134 gold pieces.
You spent 42 gold pieces at shops.


Innate Abilities, Weirdness & Mutations

You are immune to sickness and miasma.
Your stone body is resilient. (AC +4)
You are immune to poison.
You resist negative energy. (rN+)
You are resistant to electric shocks. (rElec)
You are resistant to unholy torment.
You are immune to petrification.
You are partially covered in iridescent scales. (AC +2)
You are clumsy. (Dex -2)


   Skills:
 + Level 3.8 Fighting
 - Level 7.0 Ranged Weapons
 - Level 1.2 Armour
 - Level 1.5 Dodging
 - Level 1.1 Stealth


You had 5 spell levels left.
You didn't know any spells.
Your spell library was empty.

Inventory:

Hand Weapons
 Y - a +0 shortbow (weapon)
Armour
 m - a +2 robe of willpower (worn)
Jewellery
 l - a ring of see invisible (left hand)
 n - a ring of ice
Scrolls
 e - a scroll of teleportation
 g - a scroll of identify
Potions
 a - a potion of haste {unknown}
 c - a potion of curing {unknown}
 d - a potion of might {unknown}
 i - a potion of mutation
 j - a potion of enlightenment {unknown}
 k - 2 potions of attraction
 p - a potion of invisibility {unknown}

Dungeon Overview and Level Annotations

Branches:
Dungeon (4/15)
 Temple: D:4-7

Altars:
Elyvilon

Shops:
D:1 !   D:3 (

Annotations:
D:4 2 transporters, qw's ghost, novice MiHu


Message History

Enter note:
Found 5 stones.
Enter note:
Enter note:
There is a stone staircase leading up here.
You open the door.
A dart slug comes into view.
Enter note:
Enter note: You shoot an arrow.
The arrow hits the dart slug.
The dart slug is moderately wounded.
You shoot an arrow. The arrow hits the dart slug!
You kill the dart slug!
There is an open door here.
Found a dagger.
Enter note:
Enter note: An endoplasm comes into view.
The endoplasm quivers.
Enter note:
Enter note: You shoot an arrow.
The arrow hits the endoplasm!
You kill the endoplasm!
You now have 92 gold pieces (gained 8).
An ogre comes into view. It is wielding a +0 giant club.
Enter note:
Enter note: You shoot an arrow.
The arrow hits the ogre.
The ogre is lightly wounded.
You shoot an arrow. The arrow barely misses the ogre.
You shoot an arrow.
The arrow hits the ogre but does no damage.
The ogre is lightly wounded.
The ogre hits you with a +0 giant club!!
Ouch! That really hurt!
You shoot an arrow. The arrow hits the ogre.
The ogre is moderately wounded.
The ogre hits you with a +0 giant club!!
Ouch! That really hurt!
You die...

........ #...... #
.......#+# #.#####
##..........####.#####
.. ........'.........
....##....##########
.#.##....# ......
..#.....# .#.###
#O#.....# #@#.....#
#.......# #...###....
#.#..##.....
#.#...#.....
#.#.#.#####+ #.#.....
######... ###.


You could see an ogre.

Vanquished Creatures
  Sigmund (D:3)
  An iguana (D:4)
  Jessica (D:3)
  6 adders
  2 worms (D:3)
  4 dart slugs
  11 endoplasms
  4 giant cockroaches
  3 goblins
  7 hobgoblins
  14 jackals
  3 quokkas
  2 ball pythons
  14 bats
  5 frilled lizards
  5 kobolds
  9 rats
92 creatures vanquished.

Notes
Turn   | Place    | Note
-------+----------+-------------------------------------------
     0 | D:1      | qw the Gargoyle Hunter began the quest for the Orb.
     0 | D:1      | Reached XP level 1. HP: 12/12 MP: 1/1
     0 | D:1      | 0 ||| qw: Version: 0.2-a-123-gb51047a
     0 | D:1      | 0 ||| qw: Game counter: 3768
     0 | D:1      | 0 ||| qw: Always use a shield: true
     0 | D:1      | 0 ||| qw: God list: Okawaru
     0 | D:1      | 0 ||| qw: Allow faded altars: false
     0 | D:1      | 0 ||| qw: Do Orc after D:15 true
     0 | D:1      | 0 ||| qw: Do second Lair branch before Depths: true
     0 | D:1      | 0 ||| qw: Lair rune preference: random
     0 | D:1      | 0 ||| qw: Plans: Normal, Zot:1-4, Slime:5, God:TSO, Crypt,
                  | Tomb, Abyss, Pan, Hells, Win
     0 | D:1      | 0 ||| PLANNING D:1-11
   154 | D:1      | Reached XP level 2. HP: 17/17 MP: 2/2
   312 | D:1      | Reached XP level 3. HP: 21/21 MP: 3/3
   334 | D:1      | Reached skill level 5 in Ranged Weapons
   392 | D:1      | Found Puleka's Distillery.
   402 | D:1      | 402 ||| BUYING potion of attraction (42 gold).
   402 | D:1      | Bought a potion of attraction for 42 gold pieces
   402 | D:1      | 402 ||| SHOPLISTING potion of attraction (42 gold, have 2).
   402 | D:1      | 402 ||| SHOPLISTING potion of curing (42 gold, have 2).
   402 | D:1      | 402 ||| SHOPLISTING potion of heal wounds (70 gold, have
                  | 2).
   402 | D:1      | 402 ||| SHOPLISTING potion of mutation (112 gold, have 2).
   673 | D:1      | Found a faded altar of an unknown god.
   746 | D:1      | 746 ||| UPGRADING to +0 ring mail.
   756 | D:1      | 756 ||| DROPPING +0 leather armour.
   757 | D:1      | 757 ||| READING scroll labelled ANEINIUKKI.
   758 | D:1      | 758 ||| READING scroll labelled HOEWNA IWOONO.
   761 | D:1      | 761 ||| READING scroll labelled DYRONORISTU.
   762 | D:1      | 762 ||| READING scroll labelled FIGECY GYT TUM.
   763 | D:1      | 763 ||| READING scroll labelled VOAWEW LODOPEOCU.
   764 | D:1      | 764 ||| DROPPING scroll of butterflies.
   865 | D:2      | Reached skill level 1 in Armour
   944 | D:2      | Reached XP level 4. HP: 27/27 MP: 4/4
   956 | D:2      | Reached skill level 3 in Fighting
  1183 | D:2      | 1183 ||| Stepping ~*~*~tactically~*~*~ (water).
  1408 | D:2      | 1408 ||| READING 3 scrolls labelled GUD NE UTHREVVU.
  1409 | D:2      | 1409 ||| READING scroll labelled YRAOCV FEKHILO.
  1410 | D:2      | 1410 ||| DROPPING 2 scrolls of vulnerability.
  1571 | D:3      | Reached XP level 5. HP: 32/32 MP: 5/5
  1659 | D:3      | Found Qisosu Reth's Weapon Shoppe.
  1659 | D:3      | Noticed a +4 bardiche
  1659 | D:3      | Noticed a +0 demon trident
  1659 | D:3      | Noticed Jessica
  1661 | D:3      | Killed Jessica
  1713 | D:3      | Noticed Sigmund
  1725 | D:3      | Killed Sigmund
  1726 | D:3      | Reached skill level 7 in Ranged Weapons
  1726 | D:3      | Reached XP level 6. HP: 14/37 MP: 6/6
  2296 | D:3      | 2296 ||| UPGRADING to +2 robe of willpower.
  2306 | D:3      | 2306 ||| DROPPING +0 ring mail.
  2307 | D:3      | 2307 ||| UPGRADING to ring of see invisible.
  2308 | D:3      | 2308 ||| READING scroll labelled VERPHI ONYROG.
  2309 | D:3      | 2309 ||| READING scroll labelled CINODEATAO.
  2310 | D:3      | 2310 ||| DRINKING 2 inky potions.
  2311 | D:3      | 2311 ||| DRINKING 2 glowing silvery potions.
  2311 | D:3      | Gained mutation: You are clumsy. (Dex -2) [potion of
                  | mutation]
  2311 | D:3      | Gained mutation: You are partially covered in iridescent
                  | scales. (AC +2) [potion of mutation]
  2312 | D:3      | 2312 ||| DROPPING potion of degeneration.
  2340 | D:4      | Found a transporter.
  2342 | D:4      | Noticed qw's ghost (novice MiHu)
  2406 | D:4      | Found a transporter.
  2422 | D:4      | Found a white marble altar of Elyvilon.
  2570 | D:4      | Slain by an ogre

Levels and vault maps discovered:
D:1:      lightli_arrival_lavapool, layout_loops_ring, serial_shops,
          nicolae_shop_crystal, basic_ecumenical_altar
D:2:      minmay_skewed_foursquare, layout_rooms, chequers_big_river,
          nicolae_elevator_lobby_plus
D:3:      minmay_wonky_spiral, layout_basic, serial_shops,
          nicolae_shop_mannequins, chequers_garden, uniq_sigmund, uniq_jessica
D:4:      layout_basic, bloody_makhleb, elyvilon_altar_3,
          mainiacjoe_overflow_boulevard, gammafunk_ghost_stat_death,
          item_on_display_a

Skill      XL: |  1  2  3  4  5 |
---------------+----------------+-----
Ranged Weapons | 5 7 |  7.0
Armour         | 1 |  1.2
Fighting       | 3 |  3.8
Dodging        | |  1.5
Stealth        | |  1.1

Action                     |  1- 3 |  4- 6 || total
---------------------------+-------+-------++-------
   Fire: Shortbow          |   148 |   172 ||   320
    Use: Scroll            |     5 |     4 ||     9
         Potion            |       |     2 ||     2
 Armour: Leather armour    |    28 |       ||    28
         Ring mail         |    11 |    25 ||    36
         Robe              |       |     5 ||     5
  Dodge: Dodged            |    54 |    56 ||   110

Table legend:
 A = Non-vault XP
 B = Vault XP
 C = Vault XP percentage of total XP
 D = Non-vault monster count
 E = Vault monster count
 F = Vault count percentage of total count
                 A         B        C        D         E       F
            +---------+---------+-------+---------+---------+-------
      Total |     245 |     285 |  53.8 |      82 |      10 |  10.9
            +---------+---------+-------+---------+---------+-------
        D:1 |      54 |       0 |   0.0 |      34 |       0 |   0.0
        D:2 |      64 |      18 |  22.0 |      23 |       4 |  14.8
        D:3 |      70 |     267 |  79.2 |      16 |       6 |  27.3
        D:4 |      57 |       0 |   0.0 |       9 |       0 |   0.0
            +---------+---------+-------+---------+---------+-------
